Canadiens vs Bruins

Created - September-20-13 at 19:26

Simulating a Pre-Season

Goals
1 2 3 T
Canadiens 0 1 2 3
Bruins 0 3 1 4
Shots
1 2 3 T
Canadiens 10 7 6 23
Bruins 9 15 6 30

1st period

No Goal

Penalties :
Mark Fistric (MTL) for Hooking (Minor) at 1:05, Brooks Orpik (MTL) for Goalie Interference (Minor) at 19:55

2nd period

1. Bruins , Evander Kane 2 (Dennis Seidenberg, David Krejci) at 0:12 (PP)
2. Bruins , Zdeno Chara 2 (Patrice Bergeron, Brad Marchand) at 2:42
3. Canadiens , Jonathan Toews 3 (Claude Giroux, Travis Hamonic) at 5:51 (PP)
4. Bruins , Cody Franson 1 (David Krejci, Brad Marchand) at 8:49 (PP)

Penalties :
Zdeno Chara (BOS) for High sticking (Minor) at 3:13, Milan Lucic (BOS) for Cross-checking (Minor) at 5:25, Claude Giroux (MTL) for Holding (Minor) at 7:16, Dennis Seidenberg (BOS) for Roughing (Minor) at 10:12

3rd period

5. Bruins , Loui Eriksson 3 (Carl Hagelin, Cody Franson) at 2:09
6. Canadiens , Claude Giroux 5 (Blake Wheeler, Jonathan Toews) at 4:36 (PP)
7. Canadiens , Jonathan Toews 4 (Claude Giroux, Brooks Orpik) at 18:48

Penalties :
Evander Kane (BOS) for Close Hand On Puck (Minor) at 2:56, Theo Peckham (MTL) for High sticking (Minor) at 18:55

Goalie Stats

Cam Ward (MTL), 26 saves from 30 shots - (0.867), L, 2-1-0, 60:00 minutes
Tuukka Rask (BOS), 20 saves from 23 shots - (0.870), W, 4-2-0, 60:00 minutes

Players Stats for Canadiens

Player Name              G  A  P  +/- PIM S  H  SB GA TA FO     MP     PP MP  PK MP  
------------------------------------------------------------------------------------
Blake Wheeler            0  1  1   1  0   2  0  0  0  0  0/1    20:24   2:59   0:00 
Brad Richards            0  0  0  -1  0   0  0  0  0  0  17/25  19:55   3:05   2:19 
Brooks Orpik             0  1  1   0  2   1  2  0  0  0  0/0    20:30   2:26   1:35 
Claude Giroux            1  2  3   1  2   2  1  1  0  0  3/10   22:20   2:59   1:57 
Dave Bolland             0  0  0   0  0   0  2  0  0  0  7/14   11:22   0:00   0:59 
Eric Nystrom             0  0  0  -1  0   0  2  0  0  0  0/1    10:38   0:00   3:54 
John Mitchell            0  0  0  -1  0   0  0  0  0  0  2/7     6:44   0:00   0:00 
Jonathan Toews           2  1  3   1  0   4  1  0  0  0  7/20   20:24   2:59   0:00 
Jordan Eberle            0  0  0  -1  0   6  2  0  0  0  1/3    17:36   3:05   0:00 
Mark Fistric             0  0  0  -1  2   0  2  3  0  0  0/0    19:23   2:26   2:02 
Mason Raymond            0  0  0   0  0   1  0  0  0  0  0/0    10:23   0:00   0:00 
Pavel Datsyuk            0  0  0  -1  0   3  1  0  0  0  2/2    17:36   3:05   0:00 
Roman Hamrlik            0  0  0   0  0   0  0  1  0  0  0/0    14:54   0:00   0:51 
Ron Hainsey              0  0  0  -1  0   1  0  2  0  0  0/0    22:44   3:38   0:36 
Stephen Gionta           0  0  0  -1  0   0  0  0  0  0  0/0     7:43   0:00   0:59 
Sven Baertschi           0  0  0   0  0   3  0  0  0  0  1/1    10:23   0:00   0:00 
Theo Peckham             0  0  0   0  2   0  4  1  0  0  0/0    16:05   0:00   2:03 
Travis Hamonic           0  1  1   0  0   0  1  3  0  0  0/0    25:59   3:38   2:17 

Players Stats for Bruins

Player Name              G  A  P  +/- PIM S  H  SB GA TA FO     MP     PP MP  PK MP  
------------------------------------------------------------------------------------
Brad Marchand            0  2  2   1  0   4  1  1  0  0  0/2    24:24   2:44   3:42 
Carl Hagelin             0  1  1   0  0   0  1  0  0  0  0/0    11:54   0:00   0:18 
Chris Kelly              0  0  0   0  0   1  1  0  0  0  10/14  12:48   0:00   1:12 
Cody Franson             1  1  2   0  0   2  3  0  0  0  0/0    15:23   1:15   1:31 
Daniel Paille            0  0  0   0  0   0  0  0  0  0  1/1     5:36   0:00   0:00 
David Krejci             0  2  2   0  0   2  0  0  0  0  11/27  18:59   3:12   1:54 
Dennis Seidenberg        0  1  1   0  2   1  2  0  0  0  0/0    22:46   3:38   2:54 
Dougie Hamilton          0  0  0   1  0   1  0  0  0  0  0/0    18:57   1:15   2:13 
Evander Kane             1  0  1   0  2   5  5  0  0  0  0/1    23:50   3:12   1:10 
Gregory Campbell         0  0  0   0  0   0  1  0  0  0  3/8     5:36   0:00   0:00 
Jaromir Jagr             0  0  0   1  0   1  0  0  0  0  0/0    19:39   1:41   0:00 
Johnny Boychuk           0  0  0   0  0   0  0  1  0  0  0/0    16:22   0:00   0:00 
Loui Eriksson            1  0  1   0  0   3  0  0  0  0  0/0    12:04   0:28   0:00 
Matt Bartkowski          0  0  0   0  0   0  0  0  0  0  0/0     4:42   0:00   0:00 
Milan Lucic              0  0  0   0  2   0  2  0  0  0  1/1    15:33   1:41   0:00 
Patrice Bergeron         0  1  1   1  0   3  1  0  0  0  18/30  23:31   1:41   3:52 
Torey Krug               0  0  0   0  0   1  0  1  0  0  0/0    15:04   0:00   2:27 
Zdeno Chara              1  0  1   1  2   6  0  1  0  0  0/0    26:44   3:38   3:03 

3 Stars

1 - Jonathan Toews (MTL)
2 - Claude Giroux (MTL)
3 - Cody Franson (BOS)

Power Play

Canadiens - 2 on 4 Attempt(s) - 50.00%
Bruins - 2 on 4 Attempt(s) - 50.00%

Penalty Kill

Canadiens - 2 on 4 Attempt(s) - 50.00% - Score 0 goal in Penalty Kill
Bruins - 2 on 4 Attempt(s) - 50.00% - Score 0 goal in Penalty Kill

Official

Referees : Mark Lemelin and Dennis LaRue
Linesman : Steve Barton and Andy McElman

Game Notes

No Game Note

% Time on Ice - Canadiens

Lines # - Real PCT - Wanted PCT - Time Play
Normal Forward
1 - 36% - 35% - 17:25
2 - 30% - 30% - 14:31
3 - 21% - 20% - 10:23
4 - 14% - 15% - 6:44
Normal Defense
1 - 34% - 30% - 16:30
2 - 30% - 30% - 14:56
3 - 29% - 25% - 14:03
4 - 7% - 15% - 3:34
PP Forward
1 - 49% - 50% - 2:59
2 - 51% - 50% - 3:05
PP Defense
1 - 60% - 50% - 3:38
2 - 40% - 50% - 2:26
PK Forward
1 - 80% - 60% - 3:54
2 - 20% - 40% - 0:59
PK Defense
1 - 28% - 60% - 1:22
2 - 72% - 40% - 3:31
PK3 Forward
1 - 0% - 60%
2 - 0% - 40%
PK3 Defense
1 - 0% - 60%
2 - 0% - 40%
44 Forward
1 - 0% - 60%
2 - 0% - 40%
44 Defense
1 - 0% - 60%
2 - 0% - 40%
Last Minute Offensive  - 0:00
Last Minute Defensive  - 0:00
Total
Forward - 60:00
Defense - 60:00

% Time on Ice - Bruins

Lines # - Real PCT - Wanted PCT - Time Play
Normal Forward
1 - 37% - 40% - 17:58
2 - 28% - 30% - 13:53
3 - 24% - 20% - 11:36
4 - 11% - 10% - 5:36
Normal Defense
1 - 32% - 42% - 15:29
2 - 33% - 32% - 16:15
3 - 26% - 21% - 12:37
4 - 10% - 5% - 4:42
PP Forward
1 - 66% - 60% - 3:12
2 - 34% - 40% - 1:41
PP Defense
1 - 74% - 60% - 3:38
2 - 26% - 40% - 1:15
PK Forward
1 - 69% - 60% - 4:10
2 - 31% - 40% - 1:54
PK Defense
1 - 75% - 60% - 4:33
2 - 25% - 40% - 1:31
PK3 Forward
1 - 0% - 60%
2 - 0% - 40%
PK3 Defense
1 - 0% - 60%
2 - 0% - 40%
44 Forward
1 - 0% - 60%
2 - 0% - 40%
44 Defense
1 - 0% - 60%
2 - 0% - 40%
Last Minute Offensive  - 0:00
Last Minute Defensive  - 0:00
Total
Forward - 60:00
Defense - 60:00

Play by Play

1st period


0:01 of 1st period - Patrice Bergeron wins face-off versus Claude Giroux in neutral zone.
1:05 of 1st period - Minor Penalty to Mark Fistric for Hooking.
1:06 of 1st period - David Krejci wins face-off versus Claude Giroux in Canadiens zone.
3:14 of 1st period - Jordan Eberle is hit by Cody Franson and loses puck.
3:28 of 1st period - Shot by Loui Eriksson.
3:28 of 1st period - Shot Blocked by Mark Fistric.
3:30 of 1st period - Shot by Torey Krug.
3:30 of 1st period - Stopped by Cam Ward with a rebound.
3:32 of 1st period - Shot by Loui Eriksson.
3:32 of 1st period - Stopped by Cam Ward without a rebound.
3:33 of 1st period - Dave Bolland wins face-off versus Gregory Campbell in Canadiens zone.
3:35 of 1st period - Mason Raymond is hit by Evander Kane and loses puck.
3:46 of 1st period - Evander Kane is hit by Dave Bolland and loses puck.
3:51 of 1st period - Shot by Sven Baertschi.
3:51 of 1st period - Stopped by Tuukka Rask with a rebound.
4:39 of 1st period - Icing by Dennis Seidenberg.
4:40 of 1st period - Gregory Campbell wins face-off versus John Mitchell in Bruins zone.
4:49 of 1st period - Dennis Seidenberg is hit by Mark Fistric and loses puck.
7:07 of 1st period - Shot by Claude Giroux.
7:07 of 1st period - Stopped by Tuukka Rask with a rebound.
8:22 of 1st period - Icing by Patrice Bergeron.
8:23 of 1st period - Jordan Eberle wins face-off versus Patrice Bergeron in Bruins zone.
8:41 of 1st period - Off-side.
8:42 of 1st period - David Krejci wins face-off versus Jonathan Toews in neutral zone.
8:53 of 1st period - Shot by Evander Kane.
8:53 of 1st period - Stopped by Cam Ward without a rebound.
8:54 of 1st period - David Krejci wins face-off versus Jordan Eberle in Canadiens zone.
9:05 of 1st period - David Krejci is hit by Jordan Eberle and loses puck.
9:40 of 1st period - Icing by Carl Hagelin.
9:41 of 1st period - Chris Kelly wins face-off versus Blake Wheeler in Bruins zone.
10:10 of 1st period - Shot by Blake Wheeler.
10:10 of 1st period - Stopped by Tuukka Rask without a rebound.
10:11 of 1st period - Dave Bolland wins face-off versus Patrice Bergeron in Bruins zone.
10:14 of 1st period - Shot by Sven Baertschi.
10:14 of 1st period - Stopped by Tuukka Rask without a rebound.
10:15 of 1st period - Patrice Bergeron wins face-off versus Dave Bolland in Bruins zone.
10:37 of 1st period - Shot by Brad Marchand.
10:37 of 1st period - Shot Blocked by Travis Hamonic.
10:39 of 1st period - Shot by Zdeno Chara.
10:39 of 1st period - The goal is going for a video replay.
10:39 of 1st period - The goal is refused.
10:40 of 1st period - Jonathan Toews wins face-off versus David Krejci in Canadiens zone.
10:52 of 1st period - Icing by Dennis Seidenberg.
10:53 of 1st period - Brad Richards wins face-off versus Evander Kane in Bruins zone.
11:04 of 1st period - Shot by Pavel Datsyuk.
11:04 of 1st period - Stopped by Tuukka Rask without a rebound.
11:05 of 1st period - Patrice Bergeron wins face-off versus Jonathan Toews in Bruins zone.
11:14 of 1st period - Shot by Brad Marchand.
11:14 of 1st period - Shot Blocked by Ron Hainsey.
11:16 of 1st period - Shot by Brad Marchand.
11:16 of 1st period - Shot Misses the Net.
11:18 of 1st period - Shot by Jaromir Jagr.
11:18 of 1st period - Shot Blocked by Claude Giroux.
11:26 of 1st period - Shot by Brad Marchand.
11:26 of 1st period - Shot Misses the Net.
11:44 of 1st period - Shot by Jonathan Toews.
11:44 of 1st period - Shot Misses the Net.
11:59 of 1st period - Icing by Dougie Hamilton.
12:00 of 1st period - Brad Richards wins face-off versus Patrice Bergeron in Bruins zone.
12:05 of 1st period - Shot by Pavel Datsyuk.
12:05 of 1st period - Stopped by Tuukka Rask with a rebound.
12:42 of 1st period - Icing by Pavel Datsyuk.
12:43 of 1st period - David Krejci wins face-off versus Brad Richards in Canadiens zone.
13:13 of 1st period - Icing by Milan Lucic.
13:14 of 1st period - John Mitchell wins face-off versus David Krejci in Bruins zone.
13:59 of 1st period - Off-side.
14:00 of 1st period - Chris Kelly wins face-off versus Claude Giroux in neutral zone.
14:17 of 1st period - Shot by Loui Eriksson.
14:17 of 1st period - Stopped by Cam Ward without a rebound.
14:18 of 1st period - Patrice Bergeron wins face-off versus Dave Bolland in Canadiens zone.
14:21 of 1st period - Shot by Zdeno Chara.
14:21 of 1st period - Stopped by Cam Ward with a rebound.
14:43 of 1st period - Shot by Dave Bolland.
14:43 of 1st period - Shot Blocked by Brad Marchand.
14:45 of 1st period - Shot by Sven Baertschi.
14:45 of 1st period - Deflect By Mason Raymond.
14:45 of 1st period - Stopped by Tuukka Rask without a rebound.
14:46 of 1st period - Claude Giroux wins face-off versus Chris Kelly in Bruins zone.
15:03 of 1st period - Shot by Blake Wheeler.
15:03 of 1st period - Stopped by Tuukka Rask without a rebound.
15:04 of 1st period - Brad Richards wins face-off versus David Krejci in Bruins zone.
15:09 of 1st period - Shot by Jordan Eberle.
15:09 of 1st period - Stopped by Tuukka Rask without a rebound.
15:10 of 1st period - Jonathan Toews wins face-off versus David Krejci in Bruins zone.
15:25 of 1st period - Icing by Ron Hainsey.
15:26 of 1st period - Patrice Bergeron wins face-off versus Jonathan Toews in Canadiens zone.
15:59 of 1st period - Shot by Brad Marchand.
15:59 of 1st period - Shot Blocked by Ron Hainsey.
16:01 of 1st period - Shot by Cody Franson.
16:01 of 1st period - Deflect By Brad Marchand.
16:01 of 1st period - Stopped by Cam Ward without a rebound.
16:02 of 1st period - Brad Richards wins face-off versus David Krejci in Canadiens zone.
16:33 of 1st period - Shot by Zdeno Chara.
16:33 of 1st period - Shot Misses the Net.
16:35 of 1st period - Shot by David Krejci.
16:35 of 1st period - Stopped by Cam Ward with a rebound.
17:15 of 1st period - Off-side.
17:16 of 1st period - Dave Bolland wins face-off versus Patrice Bergeron in neutral zone.
17:26 of 1st period - Ron Hainsey is hit by Patrice Bergeron and loses puck.
18:42 of 1st period - Cody Franson is hit by Theo Peckham and loses puck.
19:28 of 1st period - Icing by Matt Bartkowski.
19:29 of 1st period - Brad Richards wins face-off versus Gregory Campbell in Bruins zone.
19:30 of 1st period - Shot by Pavel Datsyuk.
19:30 of 1st period - Stopped by Tuukka Rask without a rebound.
19:31 of 1st period - Pavel Datsyuk wins face-off versus David Krejci in Bruins zone.
19:54 of 1st period - Shot by Evander Kane.
19:54 of 1st period - Stopped by Cam Ward without a rebound.
19:55 of 1st period - Patrice Bergeron wins face-off versus Dave Bolland in Canadiens zone.
19:55 of 1st period - Minor Penalty to Brooks Orpik for Goalie Interference.
19:56 of 1st period - Claude Giroux wins face-off versus David Krejci in Canadiens zone.

2nd period


0:01 of 2nd period - David Krejci wins face-off versus Claude Giroux in neutral zone.
0:10 of 2nd period - Shot by Dennis Seidenberg.
0:10 of 2nd period - Shot Blocked by Mark Fistric.
0:12 of 2nd period - Shot by Evander Kane.
0:12 of 2nd period - Goal by Evander Kane - Canadiens : 0 - Bruins : 1.
0:13 of 2nd period - Sven Baertschi wins face-off versus Chris Kelly in neutral zone.
0:16 of 2nd period - Zdeno Chara is hit by Dave Bolland and loses puck.
0:27 of 2nd period - Shot by Dougie Hamilton.
0:27 of 2nd period - Stopped by Cam Ward with a rebound.
0:29 of 2nd period - Shot by Chris Kelly.
0:29 of 2nd period - Shot Blocked by Theo Peckham.
0:31 of 2nd period - Shot by Zdeno Chara.
0:31 of 2nd period - Stopped by Cam Ward without a rebound.
0:32 of 2nd period - Patrice Bergeron wins face-off versus Jonathan Toews in Canadiens zone.
1:07 of 2nd period - Blake Wheeler is hit by Dennis Seidenberg and loses puck.
1:55 of 2nd period - Shot by Pavel Datsyuk.
1:55 of 2nd period - Shot Misses the Net.
1:59 of 2nd period - Shot by Brad Richards.
1:59 of 2nd period - Deflect By Jordan Eberle.
1:59 of 2nd period - Stopped by Tuukka Rask without a rebound.
2:00 of 2nd period - Chris Kelly wins face-off versus John Mitchell in Bruins zone.
2:04 of 2nd period - Off-side.
2:05 of 2nd period - Dave Bolland wins face-off versus Chris Kelly in neutral zone.
2:13 of 2nd period - Off-side.
2:14 of 2nd period - Brad Richards wins face-off versus David Krejci in neutral zone.
2:21 of 2nd period - Shot by Jordan Eberle.
2:21 of 2nd period - Stopped by Tuukka Rask without a rebound.
2:22 of 2nd period - Patrice Bergeron wins face-off versus John Mitchell in Bruins zone.
2:31 of 2nd period - Shot by Patrice Bergeron.
2:31 of 2nd period - Shot Blocked by Travis Hamonic.
2:33 of 2nd period - Shot by Brad Marchand.
2:33 of 2nd period - Shot Misses the Net.
2:38 of 2nd period - Shot by Patrice Bergeron.
2:38 of 2nd period - Shot Misses the Net.
2:40 of 2nd period - Shot by Patrice Bergeron.
2:40 of 2nd period - Shot Misses the Net.
2:42 of 2nd period - Shot by Zdeno Chara.
2:42 of 2nd period - Goal by Zdeno Chara - Canadiens : 0 - Bruins : 2.
2:43 of 2nd period - David Krejci wins face-off versus Brad Richards in neutral zone.
2:57 of 2nd period - Shot by Jordan Eberle.
2:57 of 2nd period - Stopped by Tuukka Rask with a rebound.
3:06 of 2nd period - Icing by Ron Hainsey.
3:07 of 2nd period - Brad Richards wins face-off versus Patrice Bergeron in Canadiens zone.
3:07 of 2nd period - Ron Hainsey is hit by Brad Marchand and loses puck.
3:13 of 2nd period - Minor Penalty to Zdeno Chara for High sticking.
3:14 of 2nd period - Patrice Bergeron wins face-off versus Jonathan Toews in Bruins zone.
3:47 of 2nd period - Shot by Jonathan Toews.
3:47 of 2nd period - Shot Misses the Net.
4:54 of 2nd period - Shot by Jordan Eberle.
4:54 of 2nd period - Shot Misses the Net.
4:56 of 2nd period - Shot by Brooks Orpik.
4:56 of 2nd period - Shot Misses the Net.
4:58 of 2nd period - Shot by Brooks Orpik.
4:58 of 2nd period - Stopped by Tuukka Rask without a rebound.
4:59 of 2nd period - Patrice Bergeron wins face-off versus Brad Richards in Bruins zone.
5:18 of 2nd period - Off-side.
5:19 of 2nd period - David Krejci wins face-off versus Dave Bolland in neutral zone.
5:22 of 2nd period - Dave Bolland is hit by Milan Lucic.
5:23 of 2nd period - Icing by Dave Bolland.
5:24 of 2nd period - Dave Bolland wins face-off versus David Krejci in Canadiens zone.
5:24 of 2nd period - Dave Bolland is hit by Milan Lucic.
5:25 of 2nd period - Minor Penalty to Milan Lucic for Cross-checking.
5:26 of 2nd period - Jonathan Toews wins face-off versus Patrice Bergeron in Bruins zone.
5:51 of 2nd period - Shot by Jonathan Toews.
5:51 of 2nd period - Goal by Jonathan Toews - Canadiens : 1 - Bruins : 2.
5:52 of 2nd period - Milan Lucic wins face-off versus Brad Richards in neutral zone.
5:57 of 2nd period - Shot by David Krejci.
5:57 of 2nd period - Shot Misses the Net.
6:47 of 2nd period - Shot by Chris Kelly.
6:47 of 2nd period - Shot Blocked by Roman Hamrlik.
6:49 of 2nd period - Shot by Zdeno Chara.
6:49 of 2nd period - Stopped by Cam Ward without a rebound.
6:50 of 2nd period - Patrice Bergeron wins face-off versus Jonathan Toews in Canadiens zone.
7:16 of 2nd period - Minor Penalty to Claude Giroux for Holding.
7:17 of 2nd period - Brad Richards wins face-off versus David Krejci in Canadiens zone.
7:17 of 2nd period - Brad Richards is hit by Evander Kane.
7:31 of 2nd period - Shot by Brad Marchand.
7:31 of 2nd period - Stopped by Cam Ward without a rebound.
7:32 of 2nd period - Patrice Bergeron wins face-off versus Brad Richards in Canadiens zone.
7:33 of 2nd period - Shot by Dougie Hamilton.
7:33 of 2nd period - Shot Misses the Net.
7:35 of 2nd period - Shot by Patrice Bergeron.
7:35 of 2nd period - Stopped by Cam Ward without a rebound.
7:36 of 2nd period - Brad Richards wins face-off versus Patrice Bergeron in Canadiens zone.
7:44 of 2nd period - Zdeno Chara is hit by Brooks Orpik and loses puck.
8:49 of 2nd period - Shot by Cody Franson.
8:49 of 2nd period - Goal by Cody Franson - Canadiens : 1 - Bruins : 3.
8:50 of 2nd period - Chris Kelly wins face-off versus Claude Giroux in neutral zone.
9:12 of 2nd period - Carl Hagelin is hit by Brooks Orpik and loses puck.
9:15 of 2nd period - Shot by Chris Kelly.
9:15 of 2nd period - Shot Misses the Net.
10:12 of 2nd period - Minor Penalty to Dennis Seidenberg for Roughing.
10:13 of 2nd period - Patrice Bergeron wins face-off versus Brad Richards in Bruins zone.
10:19 of 2nd period - Icing by Travis Hamonic.
10:20 of 2nd period - Patrice Bergeron wins face-off versus Brad Richards in Canadiens zone.
11:15 of 2nd period - Shot by Brooks Orpik.
11:15 of 2nd period - Shot Misses the Net.
11:17 of 2nd period - Shot by Jonathan Toews.
11:17 of 2nd period - Shot Blocked by Torey Krug.
12:31 of 2nd period - Off-side.
12:32 of 2nd period - Chris Kelly wins face-off versus John Mitchell in neutral zone.
12:49 of 2nd period - Icing by Eric Nystrom.
12:50 of 2nd period - David Krejci wins face-off versus John Mitchell in Canadiens zone.
13:07 of 2nd period - Milan Lucic is hit by Eric Nystrom and loses puck.
13:20 of 2nd period - Shot by Evander Kane.
13:20 of 2nd period - Shot Misses the Net.
14:25 of 2nd period - Icing by Johnny Boychuk.
14:26 of 2nd period - Brad Richards wins face-off versus Patrice Bergeron in Bruins zone.
14:33 of 2nd period - Shot by Jordan Eberle.
14:33 of 2nd period - Shot Misses the Net.
14:43 of 2nd period - Shot by Brad Richards.
14:43 of 2nd period - Shot Blocked by Johnny Boychuk.
15:27 of 2nd period - Torey Krug is hit by Theo Peckham and loses puck.
15:33 of 2nd period - Dave Bolland is hit by Cody Franson.
15:53 of 2nd period - Shot by Sven Baertschi.
15:53 of 2nd period - Stopped by Tuukka Rask without a rebound.
15:54 of 2nd period - Chris Kelly wins face-off versus Jonathan Toews in Bruins zone.
16:08 of 2nd period - Icing by Travis Hamonic.
16:09 of 2nd period - Jonathan Toews wins face-off versus Chris Kelly in Canadiens zone.
16:20 of 2nd period - Shot by Zdeno Chara.
16:20 of 2nd period - Stopped by Cam Ward without a rebound.
16:21 of 2nd period - Brad Richards wins face-off versus Gregory Campbell in Canadiens zone.
16:21 of 2nd period - Brad Richards is hit by Gregory Campbell.
16:39 of 2nd period - Shot by Jordan Eberle.
16:39 of 2nd period - Stopped by Tuukka Rask without a rebound.
16:40 of 2nd period - Jonathan Toews wins face-off versus Patrice Bergeron in Bruins zone.
16:58 of 2nd period - Icing by Claude Giroux.
16:59 of 2nd period - Jonathan Toews wins face-off versus David Krejci in Canadiens zone.
17:09 of 2nd period - Off-side.
17:10 of 2nd period - Pavel Datsyuk wins face-off versus Patrice Bergeron in neutral zone.
17:34 of 2nd period - Shot by Patrice Bergeron.
17:34 of 2nd period - Stopped by Cam Ward with a rebound.
17:36 of 2nd period - Shot by Brad Marchand.
17:36 of 2nd period - Shot Misses the Net.
17:38 of 2nd period - Shot by Brad Marchand.
17:38 of 2nd period - Stopped by Cam Ward with a rebound.
17:46 of 2nd period - Shot by Brad Marchand.
17:46 of 2nd period - Deflect By Patrice Bergeron.
17:46 of 2nd period - Stopped by Cam Ward with a rebound.
17:48 of 2nd period - Shot by Brad Marchand.
17:48 of 2nd period - Stopped by Cam Ward with a rebound.
18:19 of 2nd period - Shot by Claude Giroux.
18:19 of 2nd period - Shot Misses the Net.
18:37 of 2nd period - Shot by Evander Kane.
18:37 of 2nd period - Stopped by Cam Ward without a rebound.
18:38 of 2nd period - Chris Kelly wins face-off versus Dave Bolland in Canadiens zone.
18:38 of 2nd period - Cody Franson is hit by Theo Peckham and loses puck.
19:06 of 2nd period - Loui Eriksson is hit by Theo Peckham and loses puck.
19:09 of 2nd period - Shot by Chris Kelly.
19:09 of 2nd period - Shot Misses the Net.
19:11 of 2nd period - Shot by Loui Eriksson.
19:11 of 2nd period - Shot Misses the Net.
19:17 of 2nd period - Shot by Chris Kelly.
19:17 of 2nd period - Stopped by Cam Ward without a rebound.
19:18 of 2nd period - Patrice Bergeron wins face-off versus Jonathan Toews in Canadiens zone.
19:22 of 2nd period - Brad Marchand is hit by Travis Hamonic and loses puck.
19:52 of 2nd period - Off-side.
19:53 of 2nd period - Brad Richards wins face-off versus David Krejci in neutral zone.

3rd period


0:01 of 3rd period - Patrice Bergeron wins face-off versus Jonathan Toews in neutral zone.
0:52 of 3rd period - Icing by Patrice Bergeron.
0:53 of 3rd period - Brad Richards wins face-off versus Brad Marchand in Bruins zone.
0:58 of 3rd period - Shot by Jordan Eberle.
0:58 of 3rd period - Stopped by Tuukka Rask without a rebound.
0:59 of 3rd period - John Mitchell wins face-off versus David Krejci in Bruins zone.
1:35 of 3rd period - John Mitchell is hit by Dennis Seidenberg and loses puck.
1:43 of 3rd period - Off-side.
1:44 of 3rd period - Chris Kelly wins face-off versus Jordan Eberle in neutral zone.
1:44 of 3rd period - Chris Kelly is hit by Pavel Datsyuk.
2:09 of 3rd period - Shot by Loui Eriksson.
2:09 of 3rd period - Goal by Loui Eriksson - Canadiens : 1 - Bruins : 4.
2:10 of 3rd period - Patrice Bergeron wins face-off versus Jonathan Toews in neutral zone.
2:38 of 3rd period - Icing by Travis Hamonic.
2:39 of 3rd period - David Krejci wins face-off versus Jonathan Toews in Canadiens zone.
2:46 of 3rd period - Shot by David Krejci.
2:46 of 3rd period - Stopped by Cam Ward without a rebound.
2:47 of 3rd period - Dave Bolland wins face-off versus David Krejci in Canadiens zone.
2:56 of 3rd period - Minor Penalty to Evander Kane for Close Hand On Puck.
2:57 of 3rd period - Brad Richards wins face-off versus Patrice Bergeron in Bruins zone.
3:26 of 3rd period - Shot by Travis Hamonic.
3:26 of 3rd period - Shot Blocked by Zdeno Chara.
4:36 of 3rd period - Shot by Claude Giroux.
4:36 of 3rd period - Goal by Claude Giroux - Canadiens : 2 - Bruins : 4.
4:37 of 3rd period - Gregory Campbell wins face-off versus Dave Bolland in neutral zone.
4:46 of 3rd period - Icing by Dave Bolland.
4:47 of 3rd period - Dave Bolland wins face-off versus Gregory Campbell in Canadiens zone.
5:02 of 3rd period - Shot by Evander Kane.
5:02 of 3rd period - Stopped by Cam Ward without a rebound.
5:03 of 3rd period - Patrice Bergeron wins face-off versus Jonathan Toews in Canadiens zone.
7:31 of 3rd period - Icing by Dennis Seidenberg.
7:32 of 3rd period - Chris Kelly wins face-off versus Jonathan Toews in Bruins zone.
7:37 of 3rd period - Jonathan Toews is hit by Carl Hagelin and loses puck.
7:46 of 3rd period - Chris Kelly is hit by Mark Fistric and loses puck.
8:07 of 3rd period - Zdeno Chara is hit by Claude Giroux.
8:13 of 3rd period - Shot by Brad Marchand.
8:13 of 3rd period - Shot Misses the Net.
8:15 of 3rd period - Shot by Zdeno Chara.
8:15 of 3rd period - Shot Misses the Net.
8:59 of 3rd period - Roman Hamrlik is hit by Evander Kane and loses puck.
9:31 of 3rd period - Mason Raymond is hit by Cody Franson and loses puck.
10:20 of 3rd period - Shot by Chris Kelly.
10:20 of 3rd period - Shot Misses the Net.
10:22 of 3rd period - Shot by Johnny Boychuk.
10:22 of 3rd period - Shot Misses the Net.
11:16 of 3rd period - Shot by Jaromir Jagr.
11:16 of 3rd period - Stopped by Cam Ward without a rebound.
11:17 of 3rd period - Daniel Paille wins face-off versus Brad Richards in Canadiens zone.
11:21 of 3rd period - Icing by Mark Fistric.
11:22 of 3rd period - Brad Richards wins face-off versus Gregory Campbell in Canadiens zone.
11:22 of 3rd period - Brad Richards is hit by Evander Kane.
12:41 of 3rd period - Shot by Jonathan Toews.
12:41 of 3rd period - Stopped by Tuukka Rask without a rebound.
12:42 of 3rd period - Chris Kelly wins face-off versus Dave Bolland in Bruins zone.
13:01 of 3rd period - Shot by Carl Hagelin.
13:01 of 3rd period - Shot Misses the Net.
14:19 of 3rd period - Dave Bolland is hit by Evander Kane and loses puck.
15:11 of 3rd period - Patrice Bergeron is hit by Jonathan Toews and loses puck.
15:52 of 3rd period - Icing by Patrice Bergeron.
15:53 of 3rd period - Brad Richards wins face-off versus Patrice Bergeron in Bruins zone.
16:20 of 3rd period - Theo Peckham is hit by Chris Kelly and loses puck.
16:31 of 3rd period - Zdeno Chara is hit by Jordan Eberle and loses puck.
16:58 of 3rd period - Shot by Evander Kane.
16:58 of 3rd period - Shot Misses the Net.
17:00 of 3rd period - Shot by Cody Franson.
17:00 of 3rd period - Stopped by Cam Ward without a rebound.
17:01 of 3rd period - Jonathan Toews wins face-off versus David Krejci in Canadiens zone.
17:12 of 3rd period - Shot by Jonathan Toews.
17:12 of 3rd period - Stopped by Tuukka Rask with a rebound.
17:14 of 3rd period - Shot by Ron Hainsey.
17:14 of 3rd period - Stopped by Tuukka Rask without a rebound.
17:15 of 3rd period - Gregory Campbell wins face-off versus Eric Nystrom in Bruins zone.
17:15 of 3rd period - Gregory Campbell is hit by Eric Nystrom.
17:47 of 3rd period - Shot by Stephen Gionta.
17:47 of 3rd period - Shot Misses the Net.
18:48 of 3rd period - Shot by Jonathan Toews.
18:48 of 3rd period - Goal by Jonathan Toews - Canadiens : 3 - Bruins : 4.
18:49 of 3rd period - Brad Richards wins face-off versus Brad Marchand in neutral zone.
18:54 of 3rd period - Shot by Theo Peckham.
18:54 of 3rd period - Shot Misses the Net.
18:55 of 3rd period - Minor Penalty to Theo Peckham for High sticking.
18:56 of 3rd period - David Krejci wins face-off versus Claude Giroux in Canadiens zone.
18:59 of 3rd period - Shot by Zdeno Chara.
18:59 of 3rd period - Shot Blocked by Travis Hamonic.
19:01 of 3rd period - Shot by Brad Marchand.
19:01 of 3rd period - Shot Blocked by Mark Fistric.
19:03 of 3rd period - Shot by Evander Kane.
19:03 of 3rd period - Shot Misses the Net.
19:05 of 3rd period - Shot by Dennis Seidenberg.
19:05 of 3rd period - Stopped by Cam Ward without a rebound.
19:06 of 3rd period - Claude Giroux wins face-off versus David Krejci in Canadiens zone.
19:16 of 3rd period - Off-side.
19:17 of 3rd period - David Krejci wins face-off versus Claude Giroux in neutral zone.
19:46 of 3rd period - Shot by Zdeno Chara.
19:46 of 3rd period - Shot Misses the Net.


Output by the SimonT Hockey Simulator (STHS) for Stephane Roy -- Original Page W3C XHTML 1.0 Valid
Hockey Simulator - Hockey Simulation - Hockey Manager